MID
LAKEWOOD BLUECLAWS @ DAYTON DRAGONS
05/13/2048
 
TOP OF THE 1ST
Lakewood BlueClaws batting - Pitching for Dayton Dragons : LHP Josue Silva
Pitching: LHP Josue Silva
Batting: LHB Matt Urbanek 0-0: SINGLE (Line Drive, 34D, EV 95.6 MPH)
Batting: RHB Vaclav Been 0-0: Called Strike
Matt Urbanek steals 2nd base (no throw)
0-1: Called Strike
0-2: Ball
1-2: Strikes out swinging
Batting: RHB Mike Bell 0-0: Ball
1-0: Ball
2-0: Called Strike
2-1: Swinging Strike
2-2: Foul Ball, location: 2F
2-2: Ground out 6-3 (Groundball, 6M, EV 85.0 MPH)
Matt Urbanek to third
Batting: RHB Victor Arias 0-0: Called Strike
0-1: Ball
1-1: Ball
2-1: Swinging Strike
2-2: Strikes out looking
Top of the 1st over - 0 runs, 1 hit, 0 errors, 1 left on base; Lakewood 0 - Dayton 0
BOTTOM OF THE 1ST
Dayton Dragons batting - Pitching for Lakewood BlueClaws : RHP Pablo Medina
Pitching: RHP Pablo Medina
Batting: LHB Matt Kennedy 0-0: Foul Ball, location: 2F
0-1: SINGLE (Groundball, 5D, EV 101.9 MPH)
Batting: LHB Leo Gomez 0-0: Ball
1-0: Foul Ball, location: 2F
1-1: Ball
2-1: Ball
3-1: Called Strike
3-2: Foul Ball, location: 2F
3-2: Base on Balls
Matt Kennedy to second
Batting: RHB Andy Bachman 0-0: Ball
1-0: Ball
2-0: Fly out, F6 (Popup, 4S, EV 80.0 MPH)
Batting: LHB Chris Redhead 0-0: Called Strike
0-1: DOUBLE (Flyball, 8RXD, EV 95.6 MPH)
Matt Kennedy scores
Leo Gomez to third
Batting: RHB Mark Williams 0-0: Fly out, F3 (Line Drive, 3, EV 65.0 MPH)
Batting: LHB Ray Walden 0-0: Ball
1-0: Ball
2-0: Ground out 4-3 (Groundball, 4, EV 98.1 MPH)
Bottom of the 1st over - 1 run, 2 hits, 0 errors, 2 left on base; Lakewood 0 - Dayton 1
TOP OF THE 2ND
Lakewood BlueClaws batting - Pitching for Dayton Dragons : LHP Josue Silva
Batting: SHB Steve DeRienzo 0-0: Foul Ball, location: 2F
0-1: Called Strike
0-2: Ball
1-2: Strikes out swinging
Batting: RHB Trent Hedrick 0-0: Ball
1-0: Ball
2-0: Swinging Strike
2-1: Foul Ball, location: 2F
2-2: Foul Ball, location: 2F
2-2: Strikes out swinging
Batting: LHB Eric Farren 0-0: Foul Ball, location: 2F
0-1: SINGLE (Groundball, 15S, EV 72.5 MPH) (infield hit)
Batting: RHB Johnny Burroughs 0-0: Called Strike
0-1: Called Strike
Eric Farren steals 2nd base
0-2: Foul Ball, location: 2F
0-2: Ball
1-2: Strikes out looking
Top of the 2nd over - 0 runs, 1 hit, 0 errors, 1 left on base; Lakewood 0 - Dayton 1
BOTTOM OF THE 2ND
Dayton Dragons batting - Pitching for Lakewood BlueClaws : RHP Pablo Medina
Batting: RHB Juan Zamora 0-0: Ball
1-0: Ball
2-0: Ball
3-0: Base on Balls
Batting: RHB Aaron Barraza 0-0: Called Strike
0-1: Foul Ball, location: 2F
0-2: Ball
1-2: Ball
2-2: Ball
3-2: Foul Ball, location: 2F
3-2: Foul Ball, location: 2F
3-2: Foul Ball, location: 2F
3-2: Foul Ball, location: 2F
3-2: Base on Balls
Juan Zamora to second
Batting: RHB Yutaka Sato 0-0: Ball
1-0: Called Strike
1-1: Ball
2-1: Swinging Strike
2-2: Ball
Wild Pitch!
Juan Zamora to third
Aaron Barraza to second
3-2: Base on Balls
Batting: LHB Matt Kennedy 0-0: Ball
1-0: Ball
2-0: Foul Ball, location: 2F
2-1: Ball
3-1: Base on Balls
Juan Zamora scores
Aaron Barraza to third
Yutaka Sato to second
Batting: LHB Leo Gomez 0-0: Ball
1-0: Reached on error, E6 (Groundball, 6S, EV 71.9 MPH)
Aaron Barraza scores
Yutaka Sato to third
Matt Kennedy to second
Batting: RHB Andy Bachman 0-0: Ball
1-0: Called Strike
1-1: Called Strike
1-2: Fly out, F8 (Flyball, 8LS, EV 93.8 MPH)
Batting: LHB Chris Redhead 0-0: Ball
1-0: Fly out, F8 (Flyball, 8LS, EV 90.0 MPH)
Batting: RHB Mark Williams 0-0: Ground out 6-3 (Groundball, 6S, EV 83.8 MPH)
Bottom of the 2nd over - 2 runs, 0 hits, 1 error, 3 left on base; Lakewood 0 - Dayton 3
TOP OF THE 3RD
Lakewood BlueClaws batting - Pitching for Dayton Dragons : LHP Josue Silva
Batting: RHB Cory Bonham 0-0: Ball
1-0: Ground out U3 (Groundball, 34S, EV 62.5 MPH)
Batting: LHB Matt Urbanek 0-0: Called Strike
0-1: Fly out, F8 (Flyball, 8LD, EV 95.6 MPH)
Batting: RHB Vaclav Been 0-0: Ball
1-0: Foul Ball, location: 2F
1-1: Called Strike
1-2: Strikes out swinging
Top of the 3rd over - 0 runs, 0 hits, 0 errors, 0 left on base; Lakewood 0 - Dayton 3
BOTTOM OF THE 3RD
Dayton Dragons batting - Pitching for Lakewood BlueClaws : RHP Pablo Medina
Batting: LHB Ray Walden 0-0: Ball
1-0: Ball
2-0: Ball
3-0: Base on Balls
Batting: RHB Juan Zamora 0-0: Foul Ball, location: 2F
0-1: Called Strike
0-2: Ball
1-2: Reached on error, E4 (Groundball, 4, EV 88.8 MPH)
Ray Walden to second
Batting: RHB Aaron Barraza 0-0: Called Strike
0-1: Ball
1-1: Called Strike
1-2: Ball
2-2: Ball
3-2: Strikes out swinging
Batting: RHB Yutaka Sato 0-0: Called Strike
0-1: Fly out, F9 (Line Drive, 9, EV 101.9 MPH)
Batting: LHB Matt Kennedy 0-0: Ball
1-0: Foul Ball, location: 2F
1-1: Foul Ball, location: 2F
1-2: Ground out 5-3 (Groundball, 56S, EV 86.2 MPH)
Bottom of the 3rd over - 0 runs, 0 hits, 1 error, 2 left on base; Lakewood 0 - Dayton 3
TOP OF THE 4TH
Lakewood BlueClaws batting - Pitching for Dayton Dragons : LHP Josue Silva
Batting: RHB Mike Bell 0-0: Ball
1-0: Ball
2-0: Ball
3-0: Called Strike
3-1: Base on Balls
Batting: RHB Victor Arias 0-0: Called Strike
0-1: Ball
1-1: Ball
2-1: Ball
3-1: Base on Balls
Mike Bell to second
Batting: SHB Steve DeRienzo 0-0: Ball
1-0: Foul Ball, location: 2F
1-1: Foul Ball, location: 2F
1-2: Ball
2-2: Foul Ball, location: 2F
2-2: Fielders Choice at 2nd, 3-6 (Groundball, 34S, EV 93.1 MPH)
Mike Bell to third
Batting: RHB Trent Hedrick 0-0: Ball
Steve DeRienzo steals 2nd base
1-0: SINGLE (Line Drive, 4MD, EV 94.4 MPH)
Mike Bell scores
Steve DeRienzo to third
Batting: LHB Eric Farren 0-0: Ball
1-0: Ball
2-0: SINGLE (Line Drive, 6MD, EV 94.4 MPH)
Steve DeRienzo scores
Trent Hedrick to second
Batting: RHB Johnny Burroughs 0-0: Ball
1-0: Ball
2-0: Ball
3-0: Base on Balls
Trent Hedrick to third
Eric Farren to second
Batting: RHB Cory Bonham 0-0: Ball
1-0: Ball
2-0: Foul Ball, location: 2F
2-1: Fly out, F7 (Flyball, 78M, EV 85.0 MPH)
Runner from 3rd tags up, SCORES, throw by LF
Batting: LHB Matt Urbanek 0-0: Ball
1-0: Ball
2-0: Called Strike
2-1: Ground out 4-3 (Groundball, 4, EV 100.6 MPH)
Top of the 4th over - 3 runs, 2 hits, 0 errors, 2 left on base; Lakewood 3 - Dayton 3
BOTTOM OF THE 4TH
Dayton Dragons batting - Pitching for Lakewood BlueClaws : RHP Pablo Medina
Batting: LHB Leo Gomez 0-0: Ball
1-0: Fly out, F6 (Popup, 56, EV 53.8 MPH)
Batting: RHB Andy Bachman 0-0: Called Strike
0-1: Called Strike
0-2: Ball
1-2: Ball
2-2: Foul Ball, location: 2F
2-2: Ball
3-2: Base on Balls
Pitching: RHP Francisco Tejada
Batting: LHB Chris Redhead 0-0: Ball
Andy Bachman steals 2nd, throwing error, E2
Andy Bachman to third
1-0: Called Strike
1-1: Called Strike
1-2: Ball
2-2: Foul Ball, location: 2F
2-2: Ball
3-2: Foul Ball, location: 2F
3-2: Base on Balls
Batting: RHB Mark Williams 0-0: Ball
1-0: Grounds into double play, 5-4-3 (Groundball, 56S, EV 81.9 MPH)
Bottom of the 4th over - 0 runs, 0 hits, 1 error, 1 left on base; Lakewood 3 - Dayton 3
TOP OF THE 5TH
Lakewood BlueClaws batting - Pitching for Dayton Dragons : LHP Josue Silva
Batting: RHB Vaclav Been 0-0: Called Strike
0-1: Called Strike
0-2: Foul Ball, location: 2F
0-2: Strikes out looking
Pitching: RHP Aaron McArdle
Batting: RHB Mike Bell 0-0: Ball
1-0: Called Strike
1-1: Swinging Strike
1-2: Strikes out swinging
Batting: RHB Victor Arias 0-0: Called Strike
0-1: Fly out, F7 (Flyball, 78XD, EV 77.5 MPH)
Top of the 5th over - 0 runs, 0 hits, 0 errors, 0 left on base; Lakewood 3 - Dayton 3
BOTTOM OF THE 5TH
Dayton Dragons batting - Pitching for Lakewood BlueClaws : RHP Francisco Tejada
Batting: LHB Ray Walden 0-0: Ball
1-0: Foul Ball, location: 2F
1-1: Foul Ball, location: 2F
1-2: Foul Ball, location: 2F
1-2: Ball
2-2: Ground out 1-3 (Groundball, 34S, EV 64.4 MPH)
Batting: RHB Juan Zamora 0-0: SINGLE (Line Drive, 4D, EV 106.2 MPH)
Batting: RHB Aaron Barraza 0-0: Called Strike
0-1: Ball
1-1: Called Strike
1-2: Ball
2-2: Strikes out swinging
Batting: RHB Yutaka Sato 0-0: Called Strike
0-1: Ball
1-1: Ball
2-1: Called Strike
2-2: Ball
3-2: SINGLE (Groundball, 56D, EV 96.9 MPH)
Juan Zamora to second
Juan Zamora to third
Batting: LHB Matt Kennedy 0-0: Called Strike
0-1: Swinging Strike
0-2: Ball
1-2: Foul Ball, location: 2F
1-2: Foul Ball, location: 2F
1-2: Foul Ball, location: 2F
1-2: Foul Ball, location: 2F
1-2: Fly out, F8 (Flyball, 8RM, EV 88.8 MPH)
Bottom of the 5th over - 0 runs, 2 hits, 0 errors, 2 left on base; Lakewood 3 - Dayton 3
TOP OF THE 6TH
Lakewood BlueClaws batting - Pitching for Dayton Dragons : RHP Aaron McArdle
Batting: SHB Steve DeRienzo 0-0: Ball
1-0: Ball
2-0: Ball
3-0: Base on Balls
Batting: RHB Trent Hedrick 0-0: Ball
1-0: Fly out, F6 (Popup, 4M, EV 59.4 MPH)
Batting: LHB Eric Farren 0-0: Ball
1-0: Called Strike
Steve DeRienzo is caught stealing 2nd base 2-6
1-1: Called Strike
1-2: Fly out, F9 (Line Drive, 89S, EV 86.9 MPH)
Top of the 6th over - 0 runs, 0 hits, 0 errors, 0 left on base; Lakewood 3 - Dayton 3
BOTTOM OF THE 6TH
Dayton Dragons batting - Pitching for Lakewood BlueClaws : RHP Francisco Tejada
Batting: LHB Leo Gomez 0-0: Ball
1-0: Foul Ball, location: 2F
1-1: Swinging Strike
1-2: TRIPLE (Flyball, 8RXD, EV 107.5 MPH)
Batting: RHB Andy Bachman 0-0: Ball
1-0: Swinging Strike
1-1: Called Strike
1-2: Ball
2-2: Ball
3-2: Strikes out swinging
Batting: LHB Chris Redhead 0-0: Intentional Walk
Batting: RHB Mark Williams 0-0: Called Strike
0-1: Ball
1-1: Foul Ball, location: 2F
1-2: Ball
2-2: Foul Ball, location: 2F
2-2: Ball
3-2: Reached on error, E6 (Groundball, 6M, EV 109.4 MPH)
Leo Gomez scores
Chris Redhead to second
Batting: LHB Ray Walden 0-0: Ball
1-0: Called Strike
1-1: Foul Ball, location: 2F
1-2: Ball
2-2: Ball
3-2: Foul Ball, location: 2F
3-2: SINGLE (Line Drive, 6MD, EV 94.4 MPH)
Chris Redhead to third
Mark Williams to second
Pitching: RHP Ian Savary
Batting: RHB Juan Zamora 0-0: Called Strike
0-1: Ball
1-1: Ball
2-1: Ball
3-1: SINGLE (Groundball, 6D, EV 111.9 MPH)
Chris Redhead scores
Mark Williams to third
Ray Walden to second
Batting: RHB Aaron Barraza 0-0: Fielders Choice at 2nd, 5-4 (Groundball, 56, EV 84.4 MPH)
Mark Williams scores
Ray Walden to third
Batting: RHB Yutaka Sato 0-0: Ball
1-0: Called Strike
1-1: Ball
2-1: Ball
3-1: Fielders Choice at 2nd, U6 (Groundball, 6M, EV 84.4 MPH)
Bottom of the 6th over - 3 runs, 3 hits, 1 error, 2 left on base; Lakewood 3 - Dayton 6
TOP OF THE 7TH
Lakewood BlueClaws batting - Pitching for Dayton Dragons : RHP Aaron McArdle
Pitching: RHP Jose Marrero
Now at 2B: Jeremy Robertson
Now at SS: Juan Zamora
Batting: RHB Johnny Burroughs 0-0: Ball
1-0: Swinging Strike
1-1: Ball
2-1: Ground out 5-3 (Groundball, 56S, EV 81.9 MPH)
Batting: RHB Cory Bonham 0-0: Foul Ball, location: 2F
0-1: Foul Ball, location: 2F
0-2: Ball
1-2: Ball
2-2: Ball
3-2: Foul Ball, location: 2F
3-2: Foul Ball, location: 2F
3-2: Strikes out swinging
Batting: LHB Matt Urbanek 0-0: Called Strike
0-1: SINGLE (Groundball, 34D, EV 103.1 MPH)
Batting: RHB Vaclav Been 0-0: Ball
Matt Urbanek steals 2nd base
1-0: Ball
2-0: Fly out, F9 (Line Drive, 9, EV 105.6 MPH)
Top of the 7th over - 0 runs, 1 hit, 0 errors, 1 left on base; Lakewood 3 - Dayton 6
BOTTOM OF THE 7TH
Dayton Dragons batting - Pitching for Lakewood BlueClaws : RHP Ian Savary
Batting: LHB Matt Kennedy 0-0: Ball
1-0: Swinging Strike
1-1: Foul Ball, location: 2F
1-2: Ball
2-2: Strikes out swinging
Batting: LHB Leo Gomez 0-0: Ball
1-0: Called Strike
1-1: Ball
2-1: Foul Ball, location: 2F
2-2: Ball
3-2: Foul Ball, location: 2F
3-2: Base on Balls
Batting: RHB Andy Bachman Pickoff Play to 1st, Runner tries for 2nd, OUT after rundown.
0-0: Ball
1-0: Ball
2-0: Ball
3-0: Base on Balls
Batting: LHB Chris Redhead 0-0: Ball
1-0: Ball
2-0: Foul Ball, location: 2F
2-1: Ball
Andy Bachman steals 2nd base
3-1: Intentional Walk
Batting: LHB Jeremy Robertson 0-0: Ball
1-0: Foul Ball, location: 2F
1-1: Swinging Strike
1-2: Strikes out swinging
Bottom of the 7th over - 0 runs, 0 hits, 0 errors, 2 left on base; Lakewood 3 - Dayton 6
TOP OF THE 8TH
Lakewood BlueClaws batting - Pitching for Dayton Dragons : RHP Jose Marrero
Now in RF: Tim Kirk
Batting: RHB Mike Bell 0-0: Swinging Strike
0-1: Ball
1-1: Called Strike
1-2: Strikes out swinging
Batting: RHB Victor Arias 0-0: Foul Ball, location: 2F
0-1: Fly out, F8 (Flyball, 8LM, EV 81.9 MPH)
Batting: SHB Steve DeRienzo 0-0: Called Strike
0-1: Swinging Strike
0-2: Ball
1-2: Ball
2-2: Strikes out looking
Top of the 8th over - 0 runs, 0 hits, 0 errors, 0 left on base; Lakewood 3 - Dayton 6
BOTTOM OF THE 8TH
Dayton Dragons batting - Pitching for Lakewood BlueClaws : RHP Ian Savary
Pitching: RHP Andrew Giles
Batting: LHB Ray Walden 0-0: Hit by Pitch
Batting: RHB Juan Zamora 0-0: Bunt missed!
0-1: Bunted foul
0-2: Ball
1-2: Foul Ball, location: 2F
1-2: Ball
2-2: SINGLE (Line Drive, 5D, EV 104.4 MPH)
Ray Walden to second
Batting: RHB Aaron Barraza 0-0: Foul Ball, location: 2F
0-1: Called Strike
0-2: Foul Ball, location: 2F
0-2: Foul Ball, location: 2F
0-2: Fielders Choice at 2nd, 1-6 (Groundball, 34S, EV 66.9 MPH)
Ray Walden to third
Batting: RHB Yutaka Sato 0-0: Ground out 5-3 (Groundball, 5S, EV 77.5 MPH)
Aaron Barraza to second
Batting: LHB Tim Kirk 0-0: Ball
1-0: Ball
2-0: SINGLE (Groundball, 34D, EV 95.0 MPH)
Ray Walden scores
Aaron Barraza to third
Runner from 3rd tries for Home, SAFE, throw by RF to home
Batting: LHB Leo Gomez 0-0: Called Strike
0-1: Ball
1-1: Foul Ball, location: 2F
1-2: Ball
2-2: Ball
3-2: Strikes out looking
Bottom of the 8th over - 2 runs, 2 hits, 0 errors, 1 left on base; Lakewood 3 - Dayton 8
TOP OF THE 9TH
Lakewood BlueClaws batting - Pitching for Dayton Dragons : RHP Jose Marrero
Batting: RHB Trent Hedrick 0-0: Ball
1-0: Called Strike
1-1: Called Strike
1-2: Strikes out swinging
Batting: LHB Eric Farren 0-0: Called Strike
0-1: Ball
1-1: Ball
2-1: Foul Ball, location: 2F
2-2: Ball
3-2: Foul Ball, location: 2F
3-2: Reached on error, E4 (Groundball, 4M, EV 106.2 MPH)
Batting: RHB Johnny Burroughs 0-0: Called Strike
0-1: Ball
1-1: Fly out, F9 (Flyball, 9D, EV 86.9 MPH)
Batting: RHB Cory Bonham 0-0: Called Strike
0-1: Swinging Strike
0-2: Ball
1-2: Ball
2-2: Strikes out swinging
Top of the 9th over - 0 runs, 0 hits, 1 error, 1 left on base; Lakewood 3 - Dayton 8
Tuesday, March 28th , 2023 - OOTP Baseball 23.10 Build 110